 Dungeon Sprint DCSS version 0.21-a0-434-g806c6c2 (webtiles) character file.

40605 theanonym the Slayer (level 14, -2/111 HPs)
             Began as a Gargoyle Fighter on Nov 8, 2017.
             Was the Champion of the Shining One.
             Killed from afar by a frost giant (13 damage)
             ... with a bolt of cold
             ... in the Dungeon (Sprint IX: "|||||||||||||||||||||||||||||").
             The game lasted 00:21:04 (3656 turns).

theanonym the Slayer (Gargoyle Fighter)             Turns: 3656, Time: 00:21:04

Health: -2/111     AC: 35    Str: 27    XL:     14   Next: 11%
Magic:  4/25       EV: 12    Int: 10    God:    the Shining One [******]
Gold:   1020       SH: 26    Dex:  9    Spells: 13/13 levels left

rFire    + + .     SeeInvis .   k - +6 morningstar (holy)
rCold    + . .     Gourm    .   c - +0 shield
rNeg     + + +     Faith    .   s - +3 plate armour {rPois}
rPois    ∞         Spirit   .   F - +2 hat
rElec    +         Reflect  .   D - scarf {rC+ rF+}
rCorr    .         Harm     .   y - +0 pair of gloves
MR       +....     NoTele   +   p - +0 pair of boots
Stlth    ..........             (no amulet)
HPRegen  0.28/turn              r - +3 ring of strength
MPRegen  0.19/turn              o - ring of protection from fire {rF+}

@: divine shield, very slightly contaminated, glowing
A: big wings, negative energy resistance 1, electricity resistance, unbreathing,
petrification resistance, rot immunity, AC +10
a: Fly, Divine Shield, Cleansing Flame, Summon Divine Warrior, Renounce Religion


Innate Abilities, Weirdness & Mutations

You are resistant to torment.
Your stone body is resilient. (AC +10)
You are immune to poison.
Your large and strong wings let you fly indefinitely.
You resist negative energy. (rN+)
You are resistant to electric shocks. (rElec)
You can survive without breathing.
You are immune to petrification.
You are immune to rotting.


   Skills:
 + Level 21.8 Fighting
 - Level 16.1 Maces & Flails
 - Level 15.0 Armour
 + Level 10.4 Dodging
 - Level 15.0 Shields
 + Level 15.4 Invocations


You had 13 spell levels left.
You didn't know any spells.

Skill      XL: |  1  2  3  4  5  6  7  8  9 10 11 12 13 |
---------------+----------------------------------------+-----
Maces & Flails | 4 6 7 9 10 12 13 15 16 | 16.1
Fighting       | 4 5 6 7 9 10 11 13 15 16 18 21 | 21.8
Invocations    | 4 9 10 12 15 | 15.4
Armour         | 7 10 11 15 | 15.0
Dodging        | 4 7 10 | 10.4
Shields        | 7 10 11 15 | 15.0

Action                   |  1- 3 |  4- 6 |  7- 9 | 10-12 | 13-15 || total
-------------------------+-------+-------+-------+-------+-------++-------
Melee: Flail             |    48 |    30 |       |       |       ||    78
       Morningstar       |       |       |    50 |   310 |   190 ||   550
       Mace              |       |       |    50 |       |       ||    50
Invok: Divine Shield     |       |       |     3 |    15 |     8 ||    26
       Brand Weapon With |       |       |       |     1 |       ||     1
       Summon Divine War |       |       |       |     1 |     3 ||     4
       Cleansing Flame   |       |       |       |     1 |     4 ||     5
Evoke: Wand              |       |       |       |     1 |     6 ||     7
  Use: Potion            |     1 |       |       |     1 |     5 ||     7
       Scroll            |       |       |     2 |     2 |     1 ||     5
  Eat: Chunk             |       |       |     1 |     4 |       ||     5
       Royal jelly       |       |       |       |     1 |       ||     1
       Meat ration       |       |       |       |     1 |       ||     1
Armor: Scale mail        |    71 |     7 |       |       |       ||    78
       Chain mail        |       |     7 |    53 |    36 |       ||    96
       Plate armour      |       |       |       |    17 |    54 ||    71
Dodge: Dodged            |    27 |     5 |    10 |    29 |    26 ||    97
Block: Shield            |    45 |    11 |    49 |   215 |   158 ||   478

Inventory:

Hand Weapons
 k - a +6 morningstar of holy wrath (weapon)
   (You took it off a gargoyle in the Dungeon)
Armour
 c - a +0 shield (worn)
 p - a +0 pair of boots (worn)
   (You found it in the Dungeon)
 s - a +3 plate armour of poison resistance (worn)
   (You found it in the Dungeon)
 y - a +0 pair of gloves (worn)
   (You found it in the Dungeon)
 D - a scarf of resistance (worn)
   (You bought it in a shop in the Dungeon)
 F - a +2 hat (worn)
   (You bought it in a shop in the Dungeon)
 G - +0 acid dragon scales
   (You found it in the Dungeon)
Jewellery
 o - a ring of protection from fire (right hand) {rF+}
   (You found it in the Dungeon)
 r - a +3 ring of strength (left hand)
   (You found it in the Dungeon)
 t - an uncursed ring of protection from fire {rF+}
   (You found it in the Dungeon)
Wands
 n - a wand of acid (0/15)
   (You found it in the Dungeon)
Scrolls
 b - 2 scrolls of blinking
 f - 3 scrolls of fog {!r}
 g - 6 scrolls of remove curse
 l - 2 scrolls of amnesia
 w - 2 scrolls of fear {!r}
 C - a scroll of enchant armour
Potions
 a - 2 potions of mutation
 d - a potion of invisibility
 e - 7 potions of curing
 h - 2 potions of haste
 i - 4 potions of magic
 j - a potion of berserk rage
 m - a potion of might
 q - 5 potions of heal wounds
 A - a potion of brilliance
Comestibles
 u - 13 bread rations
 v - 40 fruits
 x - 11 meat rations

Dungeon Overview and Level Annotations

Branches:
Dungeon (1/1)

Altars:
Cheibriados
Dithmenos
Elyvilon
Fedhas
Gozag
Hepliaklqana
Kikubaaqudgha
Makhleb
Nemelex Xobeh
Okawaru
Qazlal
Ru
Sif Muna
Trog
Uskayaw
Vehumet
Wu Jian
Xom
Yredelemnul
Zin
The Shining One
Beogh
Jiyva
Lugonu

Shops:
D [*(*   You were in the Dungeon.   You worshipped the   Shining One.   The
Shining   One was exalted by your worship.   You were very hungry.
You visited 1 branch   You collected 1917 gold pieces.
You spent 897 gold pieces at shops.


Message History

The spriggan air mage waves its arms in wide circles.
The air twists around and strikes you!
You now have 12/25 mp.
The frost giant hits you but does no damage.
A shock serpent comes into view.
Things that are here:
a great mace; a leather armour You bludgeon the frost giant!!
You impale the frost giant!!
The frost giant hits you but does no damage.
You hit the frost giant.
The frost giant hits you with a battleaxe of freezing!
* * * LOW HITPOINT WARNING * * *
The frost giant freezes you.
* * * LOW HITPOINT WARNING * * *
A glowing orange brain comes into view.
You take 10 damage, and have 51/111 hp.
The glowing orange brain turns its attention towards you.
You puncture the frost giant!
The glowing orange brain pulsates ominously.
The glowing orange brain pulsates.
You are confused.
Unknown command.
You feel better.
The shock serpent changes into a swamp worm!
You block the frost giant's attack.
The spriggan air mage waves its arms in wide circles.
The air twists around and strikes you!
* * * LOW HITPOINT WARNING * * *
The glowing orange brain pulsates ominously.
You take 8 damage, and have 43/111 hp.
You hit the frost giant but do no damage.
You hit the frost giant.
The swamp worm changes into a snapping turtle!
You block the frost giant's attack. The golden flame engulfs you! You resist.
The golden flame engulfs the frost giant.
The golden flame engulfs the boggart.
You kill the boggart!
* * * LOW MAGIC WARNING * * *
You are feeling very hungry.
You hear an angry buzzing noise.
The frost giant gestures at you while chanting.
The bolt of cold hits you! You resist.
* * * LOW HITPOINT WARNING * * *
You take 8 damage, and have 36/111 hp.
You now have 8/25 mp.
You hit the frost giant.
The glowing orange brain pulsates ominously.
The spriggan air mage waves its arms in wide circles.
The air twists around and strikes you!
* * * LOW HITPOINT WARNING * * *
You take 17 damage, and have 19/111 hp.
You feel much better.
The frost giant gestures at you while chanting.
The bolt of cold hits you! You resist.
* * * LOW HITPOINT WARNING * * *
The spriggan air mage waves its arms in wide circles.
The air twists around and strikes you!
* * * LOW HITPOINT WARNING * * *
You take 12 damage, and have 7/111 hp.
Blink to where?
You are very lightly contaminated with residual magic.
As you read the scroll of blinking, it crumbles to dust.
You are momentarily dazzled by a brilliant light.
* * * LOW MAGIC WARNING * * *
You feel somewhat more hungry.
You now have 1/25 mp.
You feel much better.
The frost giant gestures at you while chanting.
The bolt of cold hits your daeva.
You regained 25 hp, and now have 33/111 hp.
The frost giant points at you and mumbles some strange words.
The bolt of cold hits your daeva.
Your daeva calls down the wrath of the Shining One upon the frost giant.
The frost giant is smitten.
The frost giant gestures at you while chanting.
The bolt of cold hits your daeva.
Your daeva dies!
Unknown command.
Put on which piece of jewellery? (? for menu, Esc to quit)
Okay, then.
Unknown command.
Unknown command.
Okay, then.
Unknown command.
Your divine shield fades away.
The frost giant points at you and mumbles some strange words.
The bolt of cold hits you! You resist.
* * * LOW HITPOINT WARNING * * *
You take 9 damage, and have 31/111 hp.
Your shield is strengthened by the Shining One's divine power.
* * * LOW MAGIC WARNING * * *
You feel slightly more hungry.
The frost giant gestures at you while chanting.
The bolt of cold hits you! You resist.
* * * LOW HITPOINT WARNING * * *
You take 20 damage, and have 11/111 hp.
You now have 3/25 mp.
The frost giant points at you and mumbles some strange words.
The bolt of cold hits you! You resist.
You die...

▓..........................
▓.▓▓▓▓▓▓▓▓▓▓▓▓▓▓▓▓▓▓▓▓▓▓▓▓▓
▓.........'.=..=)))))))).[[
▓▓▓▓▓▓▓▓▓▓▓▓▓▓▓▓▓▓▓▓▓▓▓▓▓▓▓
▓..........................
▓.▓▓▓▓▓▓▓▓▓▓▓▓▓▓▓▓▓▓▓▓▓▓▓▓▓
▓...............'))())....(
▓▓▓▓▓▓▓▓▓▓▓▓▓▓▓▓▓▓▓▓▓▓▓▓▓▓▓
▓.......C.@..........)((((.
▓i▓▓▓▓▓▓▓▓▓▓▓▓▓▓▓▓▓▓▓▓▓▓▓▓▓
▓......C..i......(')i.iGCtG
▓▓▓▓▓▓▓▓▓▓▓▓▓▓▓▓▓▓▓▓▓▓▓▓▓▓▓


You could see a frost giant.

Notes
Turn   | Place    | Note
-------+----------+-------------------------------------------
     0 | D        | theanonym the Gargoyle Fighter began the quest for the Orb.
     0 | D        | Reached XP level 1. HP: 14/14 MP: 1/1
     8 | D        | Reached skill level 3 in Maces & Flails
    11 | D        | Reached skill level 4 in Maces & Flails
    13 | D        | Reached XP level 2. HP: 18/19 MP: 2/2
    28 | D        | Noticed a phantom
    38 | D        | Reached skill level 5 in Maces & Flails
    47 | D        | HP: 9/19 [quasit (2)]
    60 | D        | HP: 9/19 [quasit (1)]
    66 | D        | Reached skill level 4 in Fighting
    66 | D        | Reached skill level 6 in Maces & Flails
    66 | D        | Reached XP level 3. HP: 11/24 MP: 3/3
    67 | D        | Reached skill level 5 in Fighting
    67 | D        | Reached skill level 7 in Maces & Flails
    67 | D        | Reached XP level 4. HP: 15/31 MP: 4/4
    68 | D        | HP: 13/31 [phantom (2)]
    81 | D        | Killed a phantom
    81 | D        | Reached skill level 6 in Fighting
    81 | D        | Reached skill level 9 in Maces & Flails
    81 | D        | Reached XP level 5. HP: 17/37 MP: 5/5
    88 | D        | Found a roughly hewn altar of Beogh.
    88 | D        | Found a snail-covered altar of Cheibriados.
    88 | D        | Found a shadowy altar of Dithmenos.
    88 | D        | Found a white marble altar of Elyvilon.
    88 | D        | Found a blossoming altar of Fedhas.
    88 | D        | Found an opulent altar of Gozag.
    89 | D        | Found a hazy altar of Hepliaklqana.
    90 | D        | Found a viscous altar of Jiyva.
    91 | D        | Found an ancient bone altar of Kikubaaqudgha.
    92 | D        | Found a corrupted altar of Lugonu.
    93 | D        | Found a burning altar of Makhleb.
    94 | D        | Found a sparkling altar of Nemelex Xobeh.
    95 | D        | Found an iron altar of Okawaru.
    96 | D        | Found a stormy altar of Qazlal.
    97 | D        | Found a sacrificial altar of Ru.
    98 | D        | Found a deep blue altar of Sif Muna.
    99 | D        | Found a bloodstained altar of Trog.
   100 | D        | Found a hide-covered altar of Uskayaw.
   101 | D        | Found a radiant altar of Vehumet.
   102 | D        | Found an ornate altar of the Wu Jian Council.
   103 | D        | Found a shimmering altar of Xom.
   104 | D        | Found a basalt altar of Yredelemnul.
   105 | D        | Found a glowing silver altar of Zin.
   106 | D        | Found a glowing golden altar of the Shining One.
   308 | D        | Noticed a centaur
   308 | D        | Noticed a gargoyle
   319 | D        | Killed a centaur
   319 | D        | Reached skill level 7 in Fighting
   319 | D        | Reached skill level 10 in Maces & Flails
   319 | D        | Reached XP level 6. HP: 28/44 MP: 6/6
   325 | D        | HP: 22/44 [gargoyle/morningstar (7)]
   328 | D        | Killed a gargoyle
   328 | D        | Reached skill level 9 in Fighting
   328 | D        | Reached skill level 12 in Maces & Flails
   328 | D        | Reached XP level 7. HP: 26/51 MP: 7/7
   348 | D        | Became a worshipper of the Shining One
   490 | D        | Noticed a purple ugly thing
   490 | D        | Reached * piety under the Shining One
   490 | D        | Reached ** piety under the Shining One
   514 | D        | Killed a purple ugly thing
   514 | D        | Reached skill level 10 in Fighting
   514 | D        | Reached skill level 13 in Maces & Flails
   514 | D        | Reached XP level 8. HP: 45/59 MP: 8/8
   518 | D        | Reached skill level 11 in Fighting
   518 | D        | Reached skill level 14 in Maces & Flails
   518 | D        | Reached skill level 1 in Invocations
   525 | D        | Reached *** piety under the Shining One
   695 | D        | Got the +6 mace of a Million Dances {freeze, +Blink}
   708 | D        | Noticed a hippogriff
   708 | D        | Noticed a rime drake
   708 | D        | Noticed a hippogriff
   708 | D        | Noticed a yak
   713 | D        | Noticed a spiny frog
   715 | D        | Killed a hippogriff
   715 | D        | Reached skill level 2 in Invocations
   718 | D        | Reached skill level 3 in Invocations
   723 | D        | Killed a rime drake
   723 | D        | Reached skill level 4 in Invocations
   724 | D        | Noticed a hippogriff
   724 | D        | Reached **** piety under the Shining One
   729 | D        | Killed a hippogriff
   729 | D        | Reached skill level 15 in Maces & Flails
   729 | D        | Reached XP level 9. HP: 39/65 MP: 7/12
   735 | D        | Reached skill level 12 in Fighting
   735 | D        | Reached skill level 5 in Invocations
   747 | D        | HP: 29/65 [spiny frog (11)]
   750 | D        | Killed a spiny frog
   750 | D        | Reached skill level 6 in Invocations
   753 | D        | HP: 27/66 [hippogriff (3)]
   760 | D        | HP: 9/67 [porcupine's spines (10)]
   763 | D        | Reached skill level 16 in Maces & Flails
  1044 | D        | Noticed a black mamba
  1044 | D        | Noticed a four-headed hydra
  1044 | D        | Noticed a spiny frog
  1044 | D        | Noticed a black mamba
  1055 | D        | Killed a four-headed hydra
  1055 | D        | Reached skill level 13 in Fighting
  1055 | D        | Reached skill level 8 in Invocations
  1061 | D        | Killed a black mamba
  1061 | D        | Reached skill level 9 in Invocations
  1061 | D        | Reached XP level 10. HP: 41/74 MP: 11/17
  1063 | D        | Reached skill level 14 in Fighting
  1064 | D        | Reached ***** piety under the Shining One
  1068 | D        | Killed a spiny frog
  1068 | D        | Reached skill level 4 in Armour
  1068 | D        | Reached skill level 1 in Dodging
  1068 | D        | Reached skill level 4 in Shields
  1074 | D        | HP: 37/75 [black mamba (5)]
  1075 | D        | Killed a black mamba
  1075 | D        | Reached skill level 2 in Dodging
  1075 | D        | Reached skill level 10 in Invocations
  1080 | D        | Reached skill level 5 in Armour
  1080 | D        | Reached skill level 5 in Shields
  1087 | D        | Reached skill level 3 in Dodging
  1295 | D        | Reached skill level 6 in Armour
  1295 | D        | Reached skill level 6 in Shields
  1314 | D        | Noticed a lindwurm
  1322 | D        | Killed a lindwurm
  1322 | D        | Reached skill level 4 in Dodging
  1520 | D        | Reached ****** piety under the Shining One
  1546 | D        | Identified a +4 morningstar of holy wrath (a +2 morningstar blessed by the Shining One)
  1546 | D        | Received a gift from the Shining One
  1587 | D        | Noticed an orc knight
  1602 | D        | Killed an orc knight
  1602 | D        | Reached skill level 15 in Fighting
  1602 | D        | Reached skill level 7 in Armour
  1602 | D        | Reached skill level 7 in Shields
  1608 | D        | Reached XP level 11. HP: 70/81 MP: 16/19
  1616 | D        | Noticed an orc knight
  1625 | D        | Reached skill level 5 in Dodging
  1628 | D        | Noticed an orc knight
  1636 | D        | Killed an orc knight
  1636 | D        | Reached skill level 11 in Invocations
  1641 | D        | Reached skill level 8 in Shields
  1644 | D        | Reached skill level 8 in Armour
  1654 | D        | Killed an orc knight
  1835 | D        | Found Bamil's Antique Armour Emporium.
  1835 | D        | Noticed an ogre mage
  1835 | D        | Noticed an ogre mage
  1835 | D        | Noticed an ogre mage
  1840 | D        | Killed an ogre mage
  1842 | D        | Noticed an ogre mage
  1844 | D        | Killed an ogre mage
  1844 | D        | Reached skill level 6 in Dodging
  1848 | D        | Killed an ogre mage
  1848 | D        | Reached skill level 9 in Armour
  1848 | D        | Reached skill level 9 in Shields
  1849 | D        | Noticed an ogre mage
  1852 | D        | Noticed an ogre mage
  1852 | D        | Reached skill level 12 in Invocations
  1858 | D        | Killed an ogre mage
  1858 | D        | Reached skill level 16 in Fighting
  1859 | D        | Found Heuvovauhoh's General Store.
  1867 | D        | Killed an ogre mage
  1867 | D        | Reached skill level 7 in Dodging
  1879 | D        | Killed an ogre mage
  1879 | D        | Reached skill level 10 in Armour
  1879 | D        | Reached skill level 10 in Shields
  1888 | D        | Found Tysenepp's Antique Weapon Emporium.
  1892 | D        | Found Tomurghe's General Store.
  1895 | D        | Noticed a two-headed ogre
  1897 | D        | Noticed a two-headed ogre
  1897 | D        | Bought a scroll of fog for 26 gold pieces
  1898 | D        | Noticed an ogre mage
  1901 | D        | Killed a two-headed ogre
  1901 | D        | Reached XP level 12. HP: 90/90 MP: 17/21
  1907 | D        | Killed an ogre mage
  1907 | D        | Reached skill level 13 in Invocations
  1913 | D        | Killed a two-headed ogre
  1913 | D        | Reached skill level 8 in Dodging
  1967 | D        | Bought a potion of heal wounds for 65 gold pieces
  1967 | D        | Bought a potion of curing for 39 gold pieces
  1971 | D        | Bought a potion of haste for 100 gold pieces
  1971 | D        | Bought a scroll of blinking for 75 gold pieces
  1971 | D        | Bought a scroll of enchant armour for 75 gold pieces
  1988 | D        | Bought a glowing scarf for 184 gold pieces
  1988 | D        | Bought a pair of glowing boots for 172 gold pieces
  1988 | D        | Bought a runed hat for 161 gold pieces
  2061 | D        | Noticed Sonja
  2073 | D        | Killed Sonja
  2228 | D        | Reached skill level 17 in Fighting
  2235 | D        | Noticed an ettin
  2237 | D        | Noticed a fire dragon
  2245 | D        | Noticed a frost giant
  2255 | D        | Killed an ettin
  2255 | D        | Reached skill level 9 in Dodging
  2255 | D        | Reached skill level 14 in Invocations
  2258 | D        | Noticed a stone giant
  2260 | D        | Noticed an ettin
  2270 | D        | Killed a fire dragon
  2275 | D        | HP: 38/92 [frost giant/battleaxe of freezing (12)]
  2279 | D        | Killed a frost giant
  2291 | D        | HP: 46/92 [stone giant (3)]
  2292 | D        | Reached skill level 10 in Dodging
  2293 | D        | Killed a stone giant
  2293 | D        | Reached skill level 18 in Fighting
  2293 | D        | Reached skill level 15 in Invocations
  2297 | D        | HP: 15/92 [ettin/dire flail (32)]
  2302 | D        | Killed an ettin
  2651 | D        | Noticed Frances
  2674 | D        | Killed Frances
  2674 | D        | Reached skill level 11 in Armour
  2674 | D        | Reached skill level 11 in Shields
  2806 | D        | Reached XP level 13. HP: 99/99 MP: 24/24
  2820 | D        | Reached skill level 12 in Armour
  2820 | D        | Reached skill level 12 in Shields
  2830 | D        | Reached skill level 19 in Fighting
  2855 | D        | HP: 42/100 [wind drake/the air (15)]
  2866 | D        | HP: 32/100 [satyr/arrow (12)]
  2882 | D        | Reached skill level 13 in Armour
  2882 | D        | Reached skill level 13 in Shields
  2882 | D        | HP: 39/100 [wind drake/the air (2)]
  2888 | D        | HP: 20/100 [wind drake/the air (13)]
  3075 | D        | Noticed a spark wasp
  3075 | D        | Noticed a spark wasp
  3088 | D        | Killed a spark wasp
  3108 | D        | Killed a spark wasp
  3109 | D        | Reached skill level 14 in Armour
  3109 | D        | Reached skill level 14 in Shields
  3321 | D        | Reached skill level 20 in Fighting
  3426 | D        | Noticed Agnes
  3435 | D        | Noticed Grum
  3445 | D        | Noticed Nessos
  3446 | D        | Killed Agnes
  3448 | D        | Reached skill level 15 in Armour
  3455 | D        | Killed Grum
  3455 | D        | Reached skill level 15 in Shields
  3477 | D        | Killed Nessos
  3587 | D        | Noticed a stone giant
  3587 | D        | Noticed an ettin
  3587 | D        | Noticed an ettin
  3587 | D        | Noticed a great orb of eyes
  3588 | D        | Noticed a frost giant
  3598 | D        | Killed a stone giant
  3598 | D        | Reached skill level 21 in Fighting
  3602 | D        | Killed an ettin
  3602 | D        | Gained mutation: Your large and strong wings let you fly indefinitely. [Gargoyle growth]
  3602 | D        | Reached XP level 14. HP: 107/110 MP: 23/25
  3617 | D        | HP: 53/111 [frost giant/battleaxe of freezing (9)]
  3622 | D        | HP: 36/111 [frost giant/bolt of cold (8)]
  3624 | D        | HP: 7/111 [spriggan air mage/the air (25)]
  3654 | D        | HP: 31/111 [frost giant/bolt of cold (10)]
  3655 | D        | HP: 11/111 [frost giant/bolt of cold (20)]
  3656 | D        | Killed from afar by a frost giant

Vanquished Creatures
  Frances (D)
  Agnes (D)
  A frost giant (D)
  2 stone giants (D)
  Nessos (D)
  2 spark wasps (D)
  3 ettins (D)
  A fire dragon (D)
  A great orb of eyes (D)
  2 hydras (D)
  2 two-headed ogres (D)
  7 ogre magi (D)
  A satyr (D)
  A tengu warrior (D)
  A shock serpent (D)
  Sonja (D)
  A salamander mystic (D)
  A spriggan druid (D)
  2 naga ritualists (D)
  A lindwurm (D)
  A mana viper (D)
  3 orc knights (D)
  A wolf spider (D)
  2 ugly things (D)
  A salamander (D)
  A moth of wrath (D)
  A cyclops (D)
  A merfolk siren (D)
  3 black mambas (D)
  2 naga magi (D)
  A gargoyle (D)
  3 spiny frogs (D)
  A yaktaur (D)
  A rime drake (D)
  A demonic crawler (D)
  3 jumping spiders (D)
  5 tyrant leeches (D)
  A blink frog (D)
  A snapping turtle (D)
  A bog body (D)
  3 hippogriffs (D)
  A water elemental (D)
  A wraith (D)
  A redback (D)
  A yak (D)
  Grum (D)
  A vampire mosquito (D)
  A hungry ghost (D)
  An insubstantial wisp (D)
  3 water moccasins (D)
  2 porcupines (D)
  A swamp drake (D)
  9 orc warriors (D)
  A phantom (D)
  A sky beast (D)
  4 wolves (D)
  A boggart (D)
  4 ogres (D)
  A centaur (D)
  2 crocodiles (D)
  2 bullfrogs (D)
  A quasit (D)
  6 orc wizards (D)
  A jelly (D)
  2 orc priests (D)
  A worker ant (D)
  2 adders (D)
  4 worms (D)
  A dart slug (D)
  6 orcs (D)
  A bat (D)
  2 bat skeletons (D)
  3 bat zombies (D)
  2 giant cockroaches (D)
  A kobold (D)
  A ball python zombie (D)
  A leopard gecko zombie (D)
  A quokka skeleton (D)
145 creatures vanquished.

Vanquished Creatures (collateral kills)
  An ettin (D)
  A manticore (D)
  A tengu conjurer (D)
  A wind drake (D)
  2 snapping turtles (D)
  A hippogriff (D)
7 creatures vanquished.

Grand Total: 152 creatures vanquished
